 Dungeon Crawl Stone Soup version 0.22.1-2-g9c5b331383 (webtiles) character file.

1274 Ihlosi the Fighter (level 8, -1/68 HPs)
             Began as a Human Gladiator on Nov 17, 2018.
             Slain by a centaur (7 damage)
             ... on level 9 of the Dungeon.
             The game lasted 00:16:17 (5727 turns).

Ihlosi the Fighter (Human Gladiator)                Turns: 5727, Time: 00:16:18

Health: -1/68      AC:  7    Str: 17    XL:     8   Next: 83%
Magic:  8/8        EV: 13    Int:  8    God:
Gold:   231        SH:  0    Dex: 15    Spells: 7/7 levels left

rFire    . . .     SeeInvis .   a - +1 long sword
rCold    . . .     Gourm    .   (no shield)
rNeg     + . .     Faith    .   s - +2 leather armour {rN+}
rPois    .         Spirit   .   c - +0 helmet
rElec    .         Reflect  .   (no cloak)
rCorr    .         Harm     .   (no gloves)
MR       .....                  n - +0 pair of boots
Stlth    ++........             (no amulet)
HPRegen  0.21/turn              (no ring)
MPRegen  0.11/turn              (no ring)

@: no status effects
A: no striking features
a: no special abilities


You were on level 9 of the Dungeon.
You were not hungry.

You visited 1 branch of the dungeon, and saw 7 of its levels.

You collected 231 gold pieces.

Inventory:

Hand Weapons
 a - a +1 long sword (weapon)
Armour
 c - a +0 helmet (worn)
 n - a +0 pair of boots (worn)
 s - a +2 leather armour of positive energy (worn)
Jewellery
 g - an uncursed ring of fire
Wands
 p - a wand of polymorph (9)
Scrolls
 b - a scroll of magic mapping {unknown}
 h - 3 scrolls of enchant weapon
 j - a scroll of identify
 l - a scroll of immolation
 q - a scroll of fog
 r - 2 scrolls of remove curse
Potions
 d - 2 potions of haste
 e - 3 potions of brilliance
 m - 2 potions of cancellation
Comestibles
 f - 13 rations
 k - 6 chunks of flesh


   Skills:
 * Level 8.2 Fighting
 + Level 6.1 Long Blades
 - Level 2.0 Throwing
 + Level 0.2 Armour
 * Level 3.3 Dodging
 + Level 2.1 Stealth
 * Level 0.4 Evocations


You had 7 spell levels left.
You didn't know any spells.
Your spell library contained the following spells:

 Spells                   Type           Power        Failure   Level  Hunger
 Animate Skeleton         Necr           N/A          45%         1    ##.....
 Apportation              Tloc           #.....       45%         1    ##.....
 Confusing Touch          Hex            #.....       45%         1    ##.....
 Summon Small Mammal      Summ           #...         45%         1    ##.....


Dungeon Overview and Level Annotations

Branches:
Dungeon (6/15)             Temple (0/1) D:6

Altars:
Qazlal

Shops:
D:5 [   D:6 }   D:9 %

Annotations:
D:4 1 runed door, unfinished, Circulus's ghost, novice BaBe; Sigmund


Message History

You hit the centaur.
The centaur is lightly wounded.
The centaur hits you.
* * * LOW HITPOINT WARNING * * *
The centaur hits you.
* * * LOW HITPOINT WARNING * * *
You hit the centaur.
The centaur is lightly wounded.
The centaur misses you.
Unknown command.
You completely miss the centaur.
The centaur is lightly wounded.
The centaur closely misses you. The centaur hits you.
* * * LOW HITPOINT WARNING * * *
You feel better. The centaur hits you!
* * * LOW HITPOINT WARNING * * *
You hit the centaur but do no damage.
The centaur is lightly wounded.
The centaur completely misses you. The centaur hits you!
You die...

######## .......#
#########
.......###########.......#
................@c.>.....#
.......#######.###.......#
.......# #.# #.......#
.......# #.# #.......#
####...# #.# #........
#...# #.. ...###... #...#
### ##.# ... #...# #.# ..
######### ##.##


You could see a centaur.

Vanquished Creatures
  Duvessa (D:6)
  2 centaurs (D:9)
  2 bullfrogs
  Dowan (D:6)
  A scorpion (D:6)
  A killer bee (D:9)
  2 howler monkeys
  An orc priest (D:5)
  2 hounds
  8 orc wizards
  A bullfrog skeleton (D:5)
  Natasha (thrice) (D:3 D:4)
  An iguana (D:5)
  2 worker ants
  8 adders
  2 oozes (D:1)
  A worm (D:4)
  4 dart slugs
  3 leopard geckos
  14 orcs
  5 giant cockroaches
  8 hobgoblins
  7 jackals (D:1)
  4 kobolds
  2 quokkas
  A ball python (D:2)
  6 bats
  10 frilled lizards
  8 goblins
  A leopard gecko zombie (D:5)
  11 rats
123 creatures vanquished.

Notes
Turn   | Place    | Note
-------+----------+-------------------------------------------
     0 | D:1      | Ihlosi the Human Gladiator began the quest for the Orb.
     0 | D:1      | Reached XP level 1. HP: 16/16 MP: 1/1
    10 | D:1      | Reached skill level 1 in Stealth
    10 | D:1      | Reached XP level 2. HP: 12/23 MP: 2/2
   471 | D:1      | Reached XP level 3. HP: 26/28 MP: 3/3
   503 | D:1      | Reached skill level 3 in Fighting
  1151 | D:1      | Reached XP level 4. HP: 25/37 MP: 4/4
  1340 | D:2      | HP: 1/37 [poisoned by an adder]
  1622 | D:2      | Reached skill level 4 in Fighting
  1770 | D:2      | Reached XP level 5. HP: 15/42 MP: 5/5
  2670 | D:3      | Found a stormy altar of Qazlal.
  2718 | D:3      | Noticed Natasha
  2725 | D:3      | Killed Natasha
  2805 | D:3      | Reached XP level 6. HP: 10/49 MP: 6/6
  3292 | D:3      | Noticed Natasha
  3307 | D:3      | Killed Natasha
  3694 | D:4      | Noticed Sigmund
  3951 | D:4      | Reached skill level 5 in Fighting
  3955 | D:4      | Noticed Natasha
  3963 | D:4      | Killed Natasha
  4011 | D:4      | Reached skill level 5 in Long Blades
  4014 | D:4      | Reached XP level 7. HP: 47/56 MP: 7/7
  4322 | D:4      | Found a runed door.
  4325 | D:4      | Noticed Circulus's ghost (novice BaBe)
  4329 | D:5      | Entered Level 5 of the Dungeon
  4817 | D:5      | Reached skill level 6 in Fighting
  4825 | D:5      | Reached XP level 8. HP: 19/64 MP: 8/8
  5119 | D:5      | Found Wolidown's Armour Shop.
  5334 | D:6      | Found a staircase to the Ecumenical Temple.
  5340 | D:6      | Noticed Dowan
  5341 | D:6      | Noticed Duvessa
  5425 | D:6      | Killed Duvessa
  5425 | D:6      | Reached skill level 7 in Fighting
  5435 | D:6      | Killed Dowan
  5463 | D:6      | Found Huhab's Gadget Shoppe.
  5472 | D:6      | You fall through a shaft for 3 floors!
  5585 | D:9      | Found Oboteymp's Food Emporium.
  5622 | D:9      | Reached skill level 8 in Fighting
  5650 | D:9      | Noticed a troll
  5727 | D:9      | Slain by a centaur

Skill      XL: |  1  2  3  4  5  6  7  8 |
---------------+-------------------------+-----
Stealth        | 1 2 |  2.1
Fighting       | 3 4 5 6 8 |  8.2
Long Blades    | 4 5 6 |  6.1
Throwing       | |  2.0
Armour         | |  0.2
Dodging        | |  3.3
Evocations     | |  0.4

Action                   |  1- 3 |  4- 6 |  7- 9 || total
-------------------------+-------+-------+-------++-------
Melee: Long sword        |   110 |   189 |   156 ||   455
Throw: Throwing net      |       |     3 |       ||     3
Evoke: Wand              |       |       |     5 ||     5
  Use: Scroll            |       |     6 |     3 ||     9
       Potion            |       |     5 |     6 ||    11
 Stab: Sleeping          |     2 |     2 |       ||     4
       Held in net/web   |       |     2 |       ||     2
  Eat: Chunk             |     1 |     8 |     7 ||    16
Armor: Leather armour    |    30 |    61 |    40 ||   131
       Skin              |       |    20 |       ||    20
Dodge: Dodged            |    93 |   117 |   106 ||   316
       Rpst.: Long sword |    27 |    32 |    36 ||    95
